 Dungeon Crawl Stone Soup version 0.30-b1-2-g02819fbbbe (webtiles) character file.

Game seed: 5202645753499394132

1 Flugkiller the Conjurer (level 1, -1/19 HPs)
             Began as a Naga Reaver on May 17, 2023.
             Slain by a quokka (5 damage)
             ... on level 1 of the Dungeon.
             The game lasted 00:00:06 (25 turns).

Flugkiller the Conjurer (Naga Reaver)                 Turns: 25, Time: 00:00:06

Health: -1/19      AC:  1    Str: 14    XL:     1   Next: 20%
Magic:  3/3        EV:  9    Int: 13    God:
Gold:   11         SH:  0    Dex:  9    Spells: 3/4 levels left

rFire   . . .        a - +0 spear
rCold   . . .        (no shield)
rNeg    . . .        b - +0 leather armour
rPois   +            (no helmet)
rElec   .            (no cloak)
rCorr   .            (no gloves)
SInv    +            (no barding)
Will    .....        (no amulet)
Stlth   +            (no ring)
HPRegen 0.23/turn    (no ring)
MPRegen 0.08/turn

%: no passive effects
@: very slow
A: AC +0, large, see invisible, deformed body, poison resistance, slowness 2,
spit poison 1, naga tail 1
a: Spit Poison


You were on level 1 of the Dungeon.
You visited 1 branch of the dungeon, and saw 1 of its levels.

You collected 11 gold pieces.

Inventory:

Hand Weapons
 a - a +0 spear (weapon)
Armour
 b - a +0 leather armour (worn)


   Skills:
 + Level 2.1 Fighting
 - Level 3.0 Polearms
 - Level 1.5 Dodging
 - Level 2.0 Spellcasting
 - Level 3.0 Conjurations


You had 3 spell levels left.
You knew the following spells:

 Your Spells              Type           Power      Damage    Failure   Level
a - Kiss of Death         Conj/Necr      20%        2d7       17%         1

Your spell library contained the following spells:

 Spells                   Type           Power      Damage    Failure   Level
 Momentum Strike          Conj/Tloc      10%        3d8       26%         2
 Hailstorm                Conj/Ice       5%         3d4       45%         3


Dungeon Overview and Level Annotations

Branches:
Dungeon (1/15) Zot: 5969

Altars:


Innate Abilities, Weirdness & Mutations

Your serpentine skin is tough. (AC +0)
You have supernaturally acute eyesight. (SInv)
Armour fits poorly on your strangely shaped body.
Your system is resistant to poisons. (rPois)
You cover ground very slowly.
You can spit poison.
You have a snake-like lower body.


Message History

Welcome, Flugkiller the Naga Reaver.
It's a long way down to the Orb of Zot, but that shouldn't be any trouble.
Press ? for a list of commands and other information.
Found 11 gold pieces.
Found a staircase leading out of the dungeon.
You enter the shallow water.
You now have 11 gold pieces.
A quokka and an endoplasm come into view.
There are monsters nearby!
There are monsters nearby!
The endoplasm quivers.
You reach to attack!
You barely miss the endoplasm. You hit the endoplasm.
The endoplasm is moderately wounded.
The endoplasm freezes you.
You are frozen.
You hit the endoplasm but do no damage.
The endoplasm is moderately wounded.
The endoplasm barely misses you. The quokka completely misses you.
You hit the endoplasm.
The endoplasm is heavily wounded.
The quokka completely misses you. The endoplasm hits you.
You hit the endoplasm.
The endoplasm is almost dead.
The quokka barely misses you. The endoplasm freezes you.
You are frozen.
You hit the endoplasm.
You kill the endoplasm!
The quokka barely misses you. The quokka closely misses you.
You barely miss the quokka. The quokka bites you.
You are too injured to fight recklessly!
You are too injured to fight recklessly!
You are too injured to fight recklessly!
You are too injured to fight recklessly!
You are too injured to fight recklessly!
You are too injured to fight recklessly!
A quokka is nearby!
A quokka is nearby!
You closely miss the quokka. The quokka closely misses you.
You barely miss the quokka. The quokka closely misses you.
You are too injured to fight recklessly!
You closely miss the quokka. The quokka bites you.
* * * LOW HITPOINT WARNING * * *
You are too injured to fight recklessly!
You completely miss the quokka. The quokka bites you.
* * * LOW HITPOINT WARNING * * *
The quokka closely misses you.
You are too injured to fight recklessly!
You barely miss the quokka. The quokka bites you.
You die...

##################
..#≈≈≈≈≈≈≈≈≈≈≈≈≈≈≈
#.#≈≈≈≈≈.....≈≈≈≈≈
#.#≈≈....~~~....≈≈
#@#≈...~~~.~~~...≈
#r....~~~.<..~~..≈
.......#≈...~~~.~~~...≈
.".....#≈≈....~~~....≈≈
.......#≈≈≈≈≈.....≈≈≈≈≈
.......#≈≈≈≈≈≈≈.≈≈≈≈≈≈≈
.......########.#######
.......# #.# .......
#.#


You could see a quokka.

Vanquished Creatures
  An endoplasm (D:1)
1 creature vanquished.

Notes
Turn   | Place    | Note
-------+----------+-------------------------------------------
     0 | D:1      | Flugkiller the Naga Reaver began the quest for the Orb.
     0 | D:1      | Reached XP level 1. HP: 19/19 MP: 3/3
    25 | D:1      | Slain by a quokka

Illustrated notes

Levels and vault maps discovered:
D:1:      dpeg_arrival_shrine, layout_basic, minmay_vboxes

Action                     || total
---------------------------++-------
  Melee: Spear             ||    12
  Dodge: Dodged            ||     9
